[Event "Titled Tuesday Blitz November 07 Late 2023"]
[White "Adel, Sara"]
[Black "Haitin, Ilja"]
[WhiteFideId "10616764"]
[BlackFideId "4501764"]
[WhiteElo "2190"]
[BlackElo "2441"]
[Result "1-0"]
[Round "2"]
[TimeControl "180+1"]
[Date "2023.11.07"]
[WhiteClock "0:00:33"]
[BlackClock "0:00:00"]
[Board "152"]

1. e4 e5 2. Nf3 Nc6 3. Bc4 d6 4. d4 Nf6 5. O-O Nxe4 6. dxe5 Be7 7. Re1 Nc5 8. exd6 Qxd6 9. Qe2 O-O 10. Rd1 Qg6 11. Be3 Ne6 12. Bd3 Qh5 13. Nc3 Bd6 14. Ne4 Nf4 15. Bxf4 Bxf4 16. h3 Be6 17. Nfg5 Qxe2 18. Bxe2 Bf5 19. g4 Bg6 20. Rd7 Rad8 21. Rxd8 Rxd8 22. h4 h6 23. h5 hxg5 24. hxg6 fxg6 25. Bc4+ Kf8 26. Kg2 Ne5 27. Bb3 c6 28. Nc5 Ke7 29. Ne6 Rd2 30. Re1 Kf6 31. Nc5 a5 32. Ne4+ Ke7 33. Nxd2 Bxd2 34. Rd1 Bf4 35. f3 Kf6 36. Kf2 Ke7 37. Ke2 b5 38. a4 b4 39. c3 c5 40. cxb4 cxb4 41. Bc2 Nc6 42. Be4 Ne5 43. Rd5 Nc4 44. b3 1-0


[Site "https://www.chess.com"]

[Event "Titled Tuesday Blitz November 07 Late 2023"]
[White "ExchangeAB"]
[Black "Modric, Nesa"]
[BlackFideId "922579"]
[WhiteElo "2438"]
[BlackElo "2172"]
[Result "1-0"]
[Round "2"]
[TimeControl "180+1"]
[Date "2023.11.07"]
[WhiteClock "0:01:10"]
[BlackClock "0:00:06"]
[Board "153"]

1. Nf3 d5 2. e3 Nf6 3. b3 e6 4. Bb2 Be7 5. Be2 O-O 6. O-O c5 7. d3 Nc6 8. Nbd2 b5 9. Ne5 Nxe5 10. Bxe5 a5 11. c4 dxc4 12. dxc4 b4 13. Bf3 Ra6 14. Ne4 Nxe4 15. Bxe4 Bf6 16. Bxf6 Qxf6 17. Qh5 g6 18. Qxc5 Rd8 19. Rad1 e5 20. Rxd8+ Qxd8 21. Bd5 Be6 22. e4 Bxd5 23. cxd5 a4 24. Qxb4 axb3 25. axb3 Rb6 26. Qc4 Qb8 27. Rb1 Rb4 28. Qc2 Rd4 29. h3 Kg7 30. f3 Qb6 31. Kh2 h5 32. Qc6 Qd8 33. Qc1 h4 34. b4 Qb6 35. b5 Rd3 36. Qg5 Qf2 37. Qxe5+ f6 38. Qc7+ Kh6 39. Qf4+ Kg7 40. e5 f5 41. d6 Rd2 42. Rg1 Kf7 43. b6 Qxb6 44. Qxd2 1-0


[Site "https://www.chess.com"]

[Event "Titled Tuesday Blitz November 07 Late 2023"]
[White "Vila Dupla, Aurelio"]
[Black "Su, Dion"]
[WhiteFideId "2203383"]
[BlackFideId "2029731"]
[WhiteElo "2169"]
[BlackElo "2438"]
[Result "1-0"]
[Round "2"]
[TimeControl "180+1"]
[Date "2023.11.07"]
[WhiteClock "0:00:27"]
[BlackClock "0:00:42"]
[Board "154"]

1. Nf3 Nf6 2. d4 e6 3. g3 d5 4. Bg2 Be7 5. O-O O-O 6. b3 c6 7. Bb2 a5 8. a4 b6 9. Nbd2 Ba6 10. Re1 Nbd7 11. e4 b5 12. e5 Ne8 13. c4 Rb8 14. Ba3 bxc4 15. Bxe7 Qxe7 16. bxc4 Rb4 17. cxd5 cxd5 18. Qc2 Nb6 19. Bf1 Bxf1 20. Rxf1 Nc4 21. Rfb1 f6 22. Rxb4 axb4 23. Nxc4 dxc4 24. Qxc4 Nc7 25. a5 Nd5 26. a6 fxe5 27. Nxe5 Qf6 28. Qe2 Nc3 29. Qe3 Ra8 30. Nd7 Qe7 31. Nc5 h6 32. Re1 Qd6 33. Qxe6+ Qxe6 34. Rxe6 Kf7 35. Rb6 Nd5 36. Rd6 Nc3 37. Rd7+ Kf6 38. a7 1-0


[Site "https://www.chess.com"]

[Event "Titled Tuesday Blitz November 07 Late 2023"]
[White "Kovalevsky, Stanislav"]
[Black "Feliz Dotel, Dewar Bienvenido"]
[WhiteFideId "13508598"]
[BlackFideId "6402801"]
[WhiteElo "2435"]
[BlackElo "2167"]
[Result "1-0"]
[Round "2"]
[TimeControl "180+1"]
[Date "2023.11.07"]
[WhiteClock "0:00:52"]
[BlackClock "0:00:11"]
[Board "155"]

1. e4 e5 2. Nf3 Nc6 3. Bb5 Nf6 4. O-O Nxe4 5. Re1 Nd6 6. Bxc6 dxc6 7. Nxe5 Be7 8. d4 O-O 9. Nc3 Bf5 10. Bf4 a5 11. Ne2 Ne4 12. Ng3 Nxg3 13. Bxg3 Bd6 14. c3 Bxe5 15. Rxe5 Be6 16. a3 a4 17. Qc2 Qf6 18. Rae1 h6 19. h3 Rfd8 20. R1e3 Rd7 21. Rf3 Qd8 22. Bf4 Rd5 23. Rg3 Rxe5 24. Bxe5 g6 25. Rxg6+ fxg6 26. Qxg6+ Kf8 27. Bg7+ Ke7 28. Bf6+ Kd7 29. Bxd8 Rxd8 30. Qxh6 Re8 31. f4 Bd5 32. Kf2 Bc4 33. Qg7+ Re7 34. Qg4+ Kd8 35. f5 b5 36. h4 Rf7 37. Qg5+ Kd7 38. g4 c5 39. dxc5 Kc6 40. h5 Kxc5 41. f6+ Kd6 42. Qf4+ Ke6 43. g5 c5 44. Qe4+ Kd6 45. Kg3 Bd5 46. Qf4+ Ke6 47. Kg4 b4 48. cxb4 cxb4 49. Qxb4 Rb7 50. Qe1+ Kf7 51. Kf5 Rb5 52. Qe7+ 1-0


[Site "https://www.chess.com"]

[Event "Titled Tuesday Blitz November 07 Late 2023"]
[White "Novikova, Margarita"]
[Black "Weisz, Bryan"]
[WhiteFideId "14109689"]
[BlackFideId "30934133"]
[WhiteElo "2166"]
[BlackElo "2431"]
[Result "0-1"]
[Round "2"]
[TimeControl "180+1"]
[Date "2023.11.07"]
[WhiteClock "0:00:25"]
[BlackClock "0:00:17"]
[Board "156"]

1. e4 e5 2. Nf3 Ke7 3. Nxe5 Ke8 4. Bc4 Qg5 5. Bxf7+ Ke7 6. Bxg8 Qxg2 7. Rf1 d6 8. Qf3 Qxf3 9. Nxf3 Rxg8 10. d4 Nc6 11. Bg5+ Kf7 12. c3 Bg4 13. Nbd2 Re8 14. Be3 h6 15. O-O-O Bxf3 16. Nxf3 Rxe4 17. d5 Ne5 18. Nd4 a6 19. Ne6 Be7 20. Nxc7 Rc8 21. Ne6 Bf6 22. Kb1 Ng4 23. Bd4 Bxd4 24. Rxd4 Rxd4 25. Nxd4 Nxh2 26. Rh1 Ng4 27. f3 Nf6 28. Nf5 Rd8 29. c4 b5 30. b3 bxc4 31. bxc4 Kg6 32. Nd4 Nd7 33. Rg1+ Kf6 34. Ne6 Rg8 35. Kc2 Ne5 36. Kc3 g5 37. f4 Nf3 38. Rg3 g4 39. Nd4 Nxd4 40. Kxd4 Kf5 41. c5 dxc5+ 42. Kxc5 h5 43. d6 h4 44. Rg1 h3 45. d7 h2 46. Rh1 g3 47. Kd6 g2 48. Rxh2 g1=Q 49. Rh5+ Kxf4 50. Rd5 Qb6+ 51. Ke7 Qd8+ 52. Ke6 Rg6+ 53. Kf7 Rf6+ 54. Kg7 Qf8+ 55. Kh7 Rh6# 0-1


[Site "https://www.chess.com"]

[Event "Titled Tuesday Blitz November 07 Late 2023"]
[White "Makaraci, Tunahan"]
[Black "Hartikainen, Jarmo"]
[WhiteFideId "6356559"]
[BlackFideId "503134"]
[WhiteElo "2431"]
[BlackElo "2161"]
[Result "1-0"]
[Round "2"]
[TimeControl "180+1"]
[Date "2023.11.07"]
[WhiteClock "0:01:25"]
[BlackClock "0:00:10"]
[Board "157"]

1. e4 e5 2. Nc3 Nf6 3. f4 d5 4. fxe5 Nxe4 5. Qf3 f5 6. d3 Nxc3 7. bxc3 Be6 8. d4 Be7 9. Ne2 O-O 10. Nf4 Qd7 11. c4 c6 12. Nxe6 Qxe6 13. cxd5 cxd5 14. Bd3 Nc6 15. c3 Rac8 16. O-O Na5 17. Bxf5 Qb6 18. Qh3 Rxf5 19. Qxf5 Rf8 20. Qd3 Rxf1+ 21. Qxf1 Nc4 22. Bf4 Qb2 23. Rc1 Qxa2 24. Qf3 Nb6 25. Rf1 Qa4 26. e6 Qe8 27. Bc7 Nc4 28. Qxd5 Ne3 29. Qd7 Qxd7 30. exd7 Nxf1 31. Kxf1 1-0


[Site "https://www.chess.com"]

[Event "Titled Tuesday Blitz November 07 Late 2023"]
[White "Ismayilova, Khanim"]
[Black "hristos03"]
[WhiteFideId "13429019"]
[WhiteElo "2160"]
[BlackElo "2431"]
[Result "0-1"]
[Round "2"]
[TimeControl "180+1"]
[Date "2023.11.07"]
[WhiteClock "0:00:00"]
[BlackClock "0:00:04"]
[Board "158"]

1. e4 c5 2. c3 d5 3. exd5 Qxd5 4. d4 g6 5. Na3 Bg7 6. Nf3 Nf6 7. Nb5 Na6 8. c4 Qe4+ 9. Be2 cxd4 10. O-O O-O 11. Nbxd4 b6 12. h3 Bd7 13. Be3 Rfd8 14. Qc1 Rac8 15. Ng5 Qb7 16. b3 e5 17. Nc2 h6 18. Nf3 Kh7 19. Nxe5 Ne4 20. Bd4 Be6 21. Qe3 Nd6 22. Bf3 Qc7 23. Bb2 Nf5 24. Qe2 Nc5 25. Rad1 Rxd1 26. Rxd1 Rd8 27. Re1 Re8 28. Nb4 a5 29. Nd5 Bxd5 30. Bxd5 Ne6 31. Qg4 h5 32. Qf3 Ng5 33. Qf4 Ne6 34. Bxe6 Rxe6 35. Qf3 Qe7 36. Qe2 Bxe5 0-1


[Site "https://www.chess.com"]

[Event "Titled Tuesday Blitz November 07 Late 2023"]
[White "Pace, Christopher"]
[Black "Tarnowska, Aleksandra"]
[WhiteFideId "2610167"]
[BlackFideId "1180967"]
[WhiteElo "2430"]
[BlackElo "2158"]
[Result "1-0"]
[Round "2"]
[TimeControl "180+1"]
[Date "2023.11.07"]
[WhiteClock "0:00:29"]
[BlackClock "0:00:00"]
[Board "159"]

1. e4 c5 2. Nf3 e6 3. d4 cxd4 4. Nxd4 a6 5. c4 Nf6 6. Bd3 Bb4+ 7. Nc3 Qc7 8. Bg5 Qa5 9. Bd2 Nc6 10. Nxc6 dxc6 11. a3 Be7 12. Nd5 Qd8 13. Nxe7 Qxe7 14. e5 Nd7 15. Qe2 Nc5 16. Bc2 b5 17. O-O Bb7 18. Rac1 Nd7 19. Qg4 h5 20. Qxg7 O-O-O 21. Qg5 Qxg5 22. Bxg5 Rdg8 23. Bf4 Rg4 24. g3 h4 25. f3 1-0


[Site "https://www.chess.com"]

[Event "Titled Tuesday Blitz November 07 Late 2023"]
[White "Smirnov, Timofey"]
[Black "WindWhistler11"]
[WhiteFideId "24176427"]
[WhiteElo "2150"]
[BlackElo "2430"]
[Result "1/2-1/2"]
[Round "2"]
[TimeControl "180+1"]
[Date "2023.11.07"]
[WhiteClock "0:00:04"]
[BlackClock "0:00:10"]
[Board "160"]

1. d4 e6 2. Bf4 Nf6 3. e3 c5 4. c3 b6 5. Nf3 Bb7 6. Be2 Be7 7. h3 cxd4 8. exd4 Nc6 9. Nbd2 O-O 10. O-O d6 11. Re1 a6 12. a4 h6 13. Bh2 Re8 14. Bd3 Bf8 15. Bc2 Ne7 16. Nc4 Ned5 17. Nfd2 b5 18. axb5 axb5 19. Rxa8 Bxa8 20. Ne3 Nb6 21. b3 Nbd5 22. Nxd5 Nxd5 23. c4 bxc4 24. bxc4 Nb4 25. Ba4 Re7 26. Qb3 Rb7 27. Bb5 d5 28. Qa4 dxc4 29. Nxc4 Nd5 30. Bc6 Rb8 31. Bxb8 Bxc6 32. Qxc6 Qxb8 33. Ne5 Qb4 34. Rc1 Qxd4 35. Nd7 Ba3 36. Qa8+ Kh7 37. Qxa3 Nf4 38. Nf6+ Qxf6 39. Qf3 Qg5 40. Qe4+ Ng6 41. Re1 f5 42. Qe3 Nf4 43. Qg3 Kg6 44. Qxg5+ Kxg5 45. Kh2 Kf6 46. g3 Nd3 47. Re3 Ne5 48. Kg2 g5 49. Ra3 Nc4 50. Rc3 Nd6 51. Rc6 Ne4 52. f3 Nd2 53. Ra6 Nc4 54. Ra8 Ne3+ 55. Kf2 Nd5 56. Ke2 Nb4 57. Rb8 Nc6 58. Rb6 Nd4+ 59. Kf2 Nc2 60. Kg2 Ne3+ 61. Kh2 Nc4 62. Rc6 Ne5 63. Ra6 Nxf3+ 64. Kg2 Ne1+ 65. Kf2 Nd3+ 66. Ke3 Nc5 67. Ra8 Ne4 68. g4 Nd6 69. gxf5 Nxf5+ 70. Kf2 Nd4 71. Rb8 Nc6 72. Rf8+ Kg7 73. Rc8 Ne5 74. Rc7+ Kf6 75. Ra7 Nd3+ 76. Kg2 Nf4+ 77. Kg3 h5 78. Ra6 h4+ 79. Kg4 Nd3 80. Ra5 Nf2+ 81. Kf3 Nxh3 82. Kg4 Nf2+ 83. Kf3 Nd3 84. Kg4 Ne5+ 85. Kh3 Ng6 86. Kg4 Ne5+ 87. Kh3 Kf5 88. Rb5 Kf4 89. Rb4+ Kf5 90. Rb5 Kf6 91. Ra5 1/2-1/2


[Site "https://www.chess.com"]

[Event "Titled Tuesday Blitz November 07 Late 2023"]
[White "Polaczek, Richard"]
[Black "VitaliyChayka"]
[WhiteFideId "200026"]
[WhiteElo "2428"]
[BlackElo "2134"]
[Result "1-0"]
[Round "2"]
[TimeControl "180+1"]
[Date "2023.11.07"]
[WhiteClock "0:00:20"]
[BlackClock "0:00:13"]
[Board "161"]

1. d4 g6 2. e4 d6 3. Nc3 c6 4. a4 a5 5. Nge2 Na6 6. g3 h5 7. h3 d5 8. exd5 cxd5 9. Bg2 Nf6 10. O-O Nb4 11. Nb5 Bf5 12. Bf4 Rc8 13. c3 Nd3 14. Qb3 Qd7 15. Kh2 h4 16. g4 Bxg4 17. hxg4 Nxg4+ 18. Kh1 Ngxf2+ 19. Rxf2 Nxf2+ 20. Kg1 h3 21. Bxd5 Qg4+ 22. Kxf2 e6 23. Bxb7 Bh6 24. Bf3 Qf5 25. Nd6+ Kf8 26. Nxf5 gxf5 27. Bxh6+ Rxh6 28. Rh1 1-0


[Site "https://www.chess.com"]

[Event "Titled Tuesday Blitz November 07 Late 2023"]
[White "ATM622"]
[Black "Jelcic, Marko"]
[BlackFideId "14406489"]
[WhiteElo "2426"]
[BlackElo "2132"]
[Result "1-0"]
[Round "2"]
[TimeControl "180+1"]
[Date "2023.11.07"]
[WhiteClock "0:00:04"]
[BlackClock "0:00:32"]
[Board "162"]

1. d4 Nf6 2. c4 e5 3. dxe5 Ng4 4. Nf3 Nc6 5. Nc3 Ngxe5 6. Nxe5 Nxe5 7. e4 Bc5 8. Be2 O-O 9. O-O d6 10. Kh1 a5 11. f4 Nc6 12. Nd5 Nd4 13. Bg4 Bxg4 14. Qxg4 c6 15. Ne3 Qe7 16. Nf5 Nxf5 17. exf5 Bd4 18. Qf3 Rae8 19. Bd2 a4 20. Bc3 Qf6 21. Rac1 Bxc3 22. Rxc3 Qxf5 23. Ra3 Re4 24. Rxa4 Rfe8 25. g4 Qf6 26. Rb4 b5 27. b3 Qc3 28. Qxc3 c5 29. Rxb5 h5 30. g5 g6 31. Qd3 Re3 32. Qxd6 R3e6 33. Qd5 Re2 34. Qxc5 R2e7 35. Rb6 Re1 36. Rxe1 Rxe1+ 37. Kg2 Re2+ 38. Kf3 Re8 39. Qc7 Rf8 40. Qe7 Rc8 41. Rb7 Rf8 42. a4 1-0


[Site "https://www.chess.com"]

[Event "Titled Tuesday Blitz November 07 Late 2023"]
[White "Fernandez Sanchez, Mario Andres"]
[Black "Yeritsyan, Hayk"]
[WhiteFideId "6501621"]
[BlackFideId "13307320"]
[WhiteElo "2114"]
[BlackElo "2424"]
[Result "1/2-1/2"]
[Round "2"]
[TimeControl "180+1"]
[Date "2023.11.07"]
[WhiteClock "0:00:09"]
[BlackClock "0:01:18"]
[Board "163"]

1. d4 d5 2. Bf4 c5 3. e3 Nc6 4. Nf3 cxd4 5. exd4 Bg4 6. c3 e6 7. Nbd2 Bd6 8. Bg3 Nf6 9. Bd3 O-O 10. Rc1 Qc7 11. Qc2 Rfc8 12. Qb1 Rab8 13. a3 b5 14. O-O Bh5 15. Rfe1 Bxg3 16. hxg3 Bg6 17. Ne5 Bxd3 18. Nxd3 Nd7 19. Nb3 Na5 20. Nbc5 Nxc5 21. Nxc5 Qb6 22. Re3 Qc6 23. Qc2 Nb7 24. b4 Nxc5 25. bxc5 a5 26. Rb1 Rb7 27. Re2 Rcb8 28. f4 g6 29. Qd3 b4 30. axb4 axb4 31. c4 dxc4 32. Qxc4 b3 33. Reb2 Qe4 34. Qc3 Rb4 35. c6 Qxd4+ 36. Qxd4 Rxd4 37. Rxb3 Rxb3 38. Rxb3 Rc4 39. Rb8+ Kg7 40. Rc8 Rc3 41. Kh2 Kf6 42. Rc7 h5 43. Kh3 Rc1 44. Kh2 Kg7 45. Rc8 Kf6 46. Rc7 Rc2 47. Kh3 Rc5 48. g4 hxg4+ 49. Kxg4 Rc4 50. g3 g5 51. Kf3 gxf4 52. gxf4 Kg6 53. Ke3 f6 54. Rc8 Kf5 55. c7 Rc3+ 56. Kd4 Rc1 57. Ke3 Rc6 58. Kf3 Rc3+ 59. Ke2 Kxf4 60. Rf8 Rxc7 61. Rxf6+ Ke5 62. Rf8 Ke4 63. Ra8 Rc2+ 64. Ke1 e5 65. Ra3 Kf4 66. Rb3 Rh2 67. Ra3 e4 68. Rb3 Ra2 69. Rc3 Ra8 70. Rb3 Rd8 71. Ra3 Rd4 72. Rb3 e3 73. Rb8 Ke4 74. Ke2 Rd2+ 75. Ke1 Rd5 76. Ke2 Rh5 77. Re8+ Kd4 78. Rd8+ Ke4 79. Re8+ Kf4 80. Rf8+ Kg3 81. Kxe3 Re5+ 82. Kd4 Re7 83. Rf6 Kg4 84. Rf8 Kg5 85. Rf1 Kg6 86. Rf2 Rf7 87. Rxf7 Kxf7 1/2-1/2


[Site "https://www.chess.com"]

[Event "Titled Tuesday Blitz November 07 Late 2023"]
[White "Yushko, Olga"]
[Black "ChessLebaneseSalah"]
[WhiteFideId "14114500"]
[WhiteElo "2106"]
[BlackElo "2423"]
[Result "0-1"]
[Round "2"]
[TimeControl "180+1"]
[Date "2023.11.07"]
[WhiteClock "0:00:58"]
[BlackClock "0:00:10"]
[Board "164"]

1. d4 d5 2. c4 c6 3. cxd5 cxd5 4. Nf3 Nf6 5. Nc3 Nc6 6. Bf4 a6 7. e3 Bg4 8. Be2 Bxf3 9. Bxf3 e6 10. O-O Bd6 11. Bg5 Be7 12. Rc1 O-O 13. Qb3 Na5 14. Qa4 b5 15. Qc2 Rc8 16. Qd3 Qd7 17. Rfd1 Rc7 18. Bf4 Rc6 19. e4 Rfc8 20. exd5 Nxd5 21. Nxd5 exd5 22. Rxc6 Rxc6 23. h3 Nc4 24. b3 Nb2 25. Qd2 Nxd1 26. Qxd1 Bd6 27. Be3 Bb8 28. Qd3 Qc7 29. g3 Rc3 30. Qf5 g6 31. Qxd5 Rxe3 32. fxe3 Qxg3+ 33. Kf1 Qxh3+ 34. Ke2 Qh2+ 35. Kd3 Kg7 36. e4 Qxa2 37. e5 Qb1+ 38. Ke3 Qc1+ 39. Kd3 Qf1+ 40. Ke3 h5 41. Be2 Qg1+ 42. Kd3 Qg3+ 43. Kd2 Qf4+ 44. Kc2 h4 45. e6 fxe6 46. Qxe6 Qf5+ 47. Qxf5 gxf5 48. Bf1 Kf6 49. Kd3 Bd6 50. Bh3 a5 51. Kc3 Kg5 52. Kd3 Kf4 53. Kc3 Ke4 54. Bg2+ Ke3 55. Bh3 f4 56. d5 f3 57. Kc2 f2 58. Kd1 Kf3 59. Kd2 Kg3 60. Bf1 h3 61. Bxh3 Kxh3 62. Ke2 Kg2 63. Ke3 f1=Q 64. Kd4 Qd1+ 65. Ke4 Qxb3 0-1


[Site "https://www.chess.com"]

[Event "Titled Tuesday Blitz November 07 Late 2023"]
[White "Marchesich, Giovanni"]
[Black "Elbebiber"]
[WhiteFideId "2824790"]
[WhiteElo "2423"]
[BlackElo "2102"]
[Result "1/2-1/2"]
[Round "2"]
[TimeControl "180+1"]
[Date "2023.11.07"]
[WhiteClock "0:00:30"]
[BlackClock "0:01:04"]
[Board "165"]

1. b3 e6 2. Bb2 Nf6 3. c4 d5 4. Nf3 Be7 5. g3 c6 6. Bg2 O-O 7. O-O Re8 8. d3 b6 9. Nbd2 Bb7 10. e4 dxe4 11. dxe4 h6 12. e5 Nh7 13. Qc2 Qc7 14. Rad1 c5 15. Ne4 Nc6 16. a3 Rad8 17. h4 Rxd1 18. Rxd1 Rd8 19. Bc3 Rxd1+ 20. Qxd1 Qd8 21. Qxd8+ Nxd8 22. Nfd2 Kf8 23. f4 Ke8 24. Kf2 Nf8 25. h5 Nd7 26. Ke3 Nc6 27. g4 Nd8 28. b4 cxb4 29. axb4 Nc6 30. b5 Nd8 31. Nb3 Nc5 32. Nbxc5 bxc5 33. Bf3 Kd7 34. Bb2 Kc7 35. Ba3 Kb6 36. f5 Bxe4 37. Bxe4 Bg5+ 38. Kd3 f6 39. Bb2 fxe5 40. Bxe5 Bf6 41. Bd6 exf5 42. Bxf5 Nf7 43. Bf4 Ne5+ 44. Bxe5 Bxe5 45. Ke4 Bf6 46. Bc8 Bd4 47. Kd5 Bf6 48. Ke6 Bd4 49. Kd7 Bf6 50. Kd6 Bd4 51. Bf5 Bf6 52. Bd3 Bd4 53. Ke6 Bf6 54. Kf7 Bd4 55. Kg6 Bf6 56. g5 Bxg5 57. Kxg7 Be3 58. Kf6 Bd2 59. Kg6 Bc1 60. Kf5 a5 61. bxa6 Kxa6 62. Be4 Ka5 63. Bd5 Kb4 64. Kg6 Bd2 1/2-1/2


[Site "https://www.chess.com"]

[Event "Titled Tuesday Blitz November 07 Late 2023"]
[White "Powell, Paul"]
[Black "Wanyama, Harold"]
[WhiteFideId "2005840"]
[BlackFideId "10000380"]
[WhiteElo "2074"]
[BlackElo "2423"]
[Result "0-1"]
[Round "2"]
[TimeControl "180+1"]
[Date "2023.11.07"]
[WhiteClock "0:00:00"]
[BlackClock "0:00:53"]
[Board "166"]

1. d4 d5 2. Nf3 e6 3. Bf4 Nf6 4. e3 c5 5. Nbd2 Bd6 6. Ne5 Nc6 7. c3 Qc7 8. Bb5 O-O 9. Bxc6 bxc6 10. O-O Rb8 11. Rb1 cxd4 12. exd4 c5 13. Re1 Re8 14. h3 cxd4 15. cxd4 Bb7 16. Ndf3 Ne4 17. Bh2 Rbc8 18. Rc1 Qb6 19. Qb3 Qxb3 20. axb3 f6 21. Nd3 Bf8 22. b4 Rc4 23. Rxc4 dxc4 24. Nc5 Nxc5 25. dxc5 e5 26. Rc1 Bd5 27. Nd2 Rb8 28. Nxc4 Rxb4 29. Nd6 Rxb2 30. Nf5 Bxc5 31. Bg3 Bf8 32. Rc8 Be6 33. Ne7+ Kf7 34. Ra8 Bxe7 35. Rxa7 Rd2 36. Ra4 Rd7 37. Ra6 Bd6 38. Rb6 f5 39. Ra6 f4 40. Bh4 h6 41. f3 Bc5+ 42. Kf1 Bc4+ 0-1


[Site "https://www.chess.com"]

[Event "Titled Tuesday Blitz November 07 Late 2023"]
[White "Villarreal, Agustin"]
[Black "Bongo Akanga Ndjila, Barthelemy"]
[WhiteFideId "125687"]
[BlackFideId "10609431"]
[WhiteElo "2421"]
[BlackElo "2008"]
[Result "1-0"]
[Round "2"]
[TimeControl "180+1"]
[Date "2023.11.07"]
[WhiteClock "0:00:32"]
[BlackClock "0:00:00"]
[Board "167"]

1. Nf3 d5 2. d4 Nf6 3. c4 e6 4. Nc3 Bb4 5. e3 O-O 6. Be2 c5 7. O-O cxd4 8. exd4 dxc4 9. Bxc4 Nc6 10. Bg5 Be7 11. Re1 Nd5 12. Bxd5 Bxg5 13. Bxc6 bxc6 14. Qa4 Bf6 15. Ne4 Rb8 16. b3 Be7 17. Nc5 Qd5 18. Re5 Qd6 19. Ne4 Qc7 20. Nc5 Bf6 21. Re3 Qd6 22. Qxa7 Bxd4 23. Nxd4 Qxd4 24. Rc1 Bb7 25. Qa4 Qb2 26. Ree1 Ra8 27. Qe4 Bc8 28. Rc2 Qf6 29. Qxc6 Ra5 30. Ne4 Qg6 31. Qxc8 Ra8 32. Qc3 h5 33. Qg3 Qf5 34. Qg5 Qh7 35. Nf6+ 1-0


[Site "https://www.chess.com"]

[Event "Titled Tuesday Blitz November 07 Late 2023"]
[White "Aung Thant Zin"]
[Black "Herman, Daniel"]
[WhiteFideId "13000063"]
[BlackFideId "30935008"]
[WhiteElo "1999"]
[BlackElo "2414"]
[Result "1/2-1/2"]
[Round "2"]
[TimeControl "180+1"]
[Date "2023.11.07"]
[WhiteClock "0:00:18"]
[BlackClock "0:00:24"]
[Board "168"]

1. e4 g6 2. d4 Bg7 3. Nc3 d6 4. Be2 Nf6 5. h4 h5 6. Nf3 c6 7. Ng5 O-O 8. f3 e5 9. Be3 exd4 10. Bxd4 b5 11. a3 a5 12. O-O Bb7 13. Qe1 b4 14. Nd1 c5 15. Bf2 d5 16. Bxc5 Re8 17. Nf2 Nbd7 18. Bd4 dxe4 19. Bc4 Bd5 20. Bxd5 Nxd5 21. Bxg7 Kxg7 22. fxe4 N7f6 23. Qd2 Nb6 24. Rad1 Qxd2 25. Rxd2 Nc4 26. Rd4 Nxb2 27. axb4 a4 28. Nd3 Nxd3 29. Rxd3 a3 30. Ra1 a2 31. c3 Nxe4 32. Nxe4 Rxe4 33. Rd2 Re3 34. Rdxa2 Rxa2 35. Rxa2 Rxc3 36. Rb2 Rc6 37. b5 Rb6 38. Kf2 Kf6 39. Ke3 Ke5 40. Kd3 Kd5 41. Ke3 Kc4 42. Kf4 f6 43. Ke4 Kc5 44. Rb1 Re6+ 45. Kf4 Kb6 46. g4 hxg4 47. Kxg4 Re4+ 48. Kg3 f5 49. Rf1 Rg4+ 50. Kh3 Kxb5 51. h5 Kc4 52. hxg6 Rxg6 53. Rxf5 Kd4 54. Rf4+ Ke3 55. Rf1 Ke2 56. Rf7 Ke3 57. Rf8 Ke4 58. Rf1 Ke5 59. Rf8 Ke6 60. Rf1 Rg5 61. Kh4 Ra5 62. Rf2 Ke5 63. Rf1 Ke4 64. Rf8 Ke3 65. Rf7 Ra1 66. Rf8 Ke4 67. Rf7 Rh1+ 68. Kg3 Rg1+ 69. Kh2 Rg6 70. Rf8 Ke5 71. Rf7 Rb6 72. Rf8 Ke6 73. Rf1 Rb3 74. Rf2 Kd5 75. Kg2 Rc3 76. Kh2 Ke5 77. Kg2 Ra3 78. Kh2 Ke4 79. Kg2 Rb3 80. Re2+ Kd3 81. Re8 Rb7 82. Kf3 Rf7+ 83. Kg4 Kd4 84. Kg5 Rd7 85. Re1 Kc5 86. Rc1+ Kb6 87. Rb1+ Kc7 88. Re1 Rd5+ 89. Kf6 Kd6 90. Re6+ Kc5 91. Re1 Rd3 92. Ke6 Kc4 93. Ke5 Rd8 94. Rc1+ Kb5 95. Ke4 Re8+ 96. Kd5 Rd8+ 97. Ke4 Kb6 98. Ke5 Re8+ 99. Kd5 Re2 100. Kd4 Rd2+ 101. Kc3 Rd8 102. Kb3 Kb5 103. Rc8 1/2-1/2


[Site "https://www.chess.com"]

[Event "Titled Tuesday Blitz November 07 Late 2023"]
[White "Arnold, Ken"]
[Black "Desideri, Ricardo Maruchi"]
[WhiteFideId "2056836"]
[BlackFideId "2110440"]
[WhiteElo "2414"]
[BlackElo "1993"]
[Result "1-0"]
[Round "2"]
[TimeControl "180+1"]
[Date "2023.11.07"]
[WhiteClock "0:01:45"]
[BlackClock "0:01:36"]
[Board "169"]

1. e4 c5 2. Nf3 d6 3. Bb5+ Nd7 4. O-O a6 5. Be2 e6 6. Re1 Ngf6 7. Nc3 Qc7 8. b3 Be7 9. Bb2 O-O 10. a4 b6 11. Bf1 Bb7 12. d4 cxd4 13. Nxd4 Nc5 14. f3 Rac8 15. Kh1 Rfd8 16. Qd2 d5 17. e5 Nh5 18. g4 Bg5 19. Qxg5 1-0


[Site "https://www.chess.com"]

[Event "Titled Tuesday Blitz November 07 Late 2023"]
[White "Martins, Vinicius Tine"]
[Black "kalxandria"]
[WhiteFideId "2112884"]
[WhiteElo "2413"]
[BlackElo "1992"]
[Result "0-1"]
[Round "2"]
[TimeControl "180+1"]
[Date "2023.11.07"]
[WhiteClock "0:00:11"]
[BlackClock "0:01:00"]
[Board "170"]

1. e4 e6 2. d4 d5 3. Nd2 c5 4. Ngf3 cxd4 5. Nxd4 dxe4 6. Nxe4 a6 7. Be3 Nf6 8. Nxf6+ Qxf6 9. Qd2 Be7 10. Bd3 O-O 11. O-O e5 12. Nf3 h6 13. h3 Nc6 14. Qe2 Re8 15. Rfe1 Bf5 16. Bb6 e4 17. Bxe4 Bb4 18. Qc4 Bxe1 19. Rxe1 Rxe4 20. Rxe4 Bxe4 21. Qxe4 Qxb2 22. Be3 Qxa2 23. Nh4 Qa1+ 24. Kh2 Qe5+ 25. Qxe5 Nxe5 26. Nf5 a5 27. Nd6 a4 28. Bd4 Nc6 29. Ba1 b6 0-1


[Site "https://www.chess.com"]

[Event "Titled Tuesday Blitz November 07 Late 2023"]
[White "Mirza, Diana"]
[Black "Real_taiatai"]
[WhiteFideId "2503999"]
[WhiteElo "1981"]
[BlackElo "2413"]
[Result "0-1"]
[Round "2"]
[TimeControl "180+1"]
[Date "2023.11.07"]
[WhiteClock "0:00:00"]
[BlackClock "0:00:25"]
[Board "171"]

1. e4 e5 2. Nf3 Nc6 3. Bc4 Nf6 4. O-O h6 5. d3 d6 6. c3 g5 7. Bxg5 hxg5 8. Nxg5 Be6 9. Bxe6 fxe6 10. Nxe6 Qd7 11. Nxf8 Rxf8 12. f4 O-O-O 13. f5 d5 14. exd5 Nxd5 15. Qf3 Nf4 16. Na3 Rxf5 17. Qe4 Rg5 18. g3 Rdg8 19. Rad1 Qh3 20. Rd2 Rxg3+ 21. Kf2 Nxd3+ 22. Ke2 Qxh2+ 23. Kd1 Nf4 24. Qf5+ Kb8 25. Rxh2 Nd5 26. Qf8+ Nd8 27. Qf2 Ne3+ 28. Kc1 Nxf1 29. Rh1 Ne3 30. Re1 Nd5 31. Nc2 Nc6 32. Qf7 Nf4 33. Rd1 a5 34. b3 Rh8 35. Kb2 Rg2 36. Rc1 Nd3+ 37. Kb1 Nxc1 38. Kxc1 Rh1+ 39. Kb2 Rhh2 40. Qf5 Rxc2+ 41. Qxc2 Rxc2+ 42. Kxc2 Kc8 43. Kd3 Kd7 44. Ke4 Ke6 45. c4 Ne7 46. a3 Ng6 47. b4 Nf8 48. bxa5 Nd7 49. a4 Nc5+ 50. Ke3 Nxa4 51. Kd3 Nc5+ 52. Kc3 Na6 53. Kb3 Kd6 54. Ka4 Kc5 55. Kb3 e4 0-1


[Site "https://www.chess.com"]

[Event "Titled Tuesday Blitz November 07 Late 2023"]
[White "Dias, Joao Batista"]
[Black "Suspenser17"]
[WhiteFideId "2108240"]
[WhiteElo "1968"]
[BlackElo "2411"]
[Result "0-1"]
[Round "2"]
[TimeControl "180+1"]
[Date "2023.11.07"]
[WhiteClock "0:01:54"]
[BlackClock "0:02:09"]
[Board "172"]

1. e4 e5 2. Nf3 Nc6 3. d4 exd4 4. Nxd4 Bc5 5. Nb3 Bb6 6. Bd3 Nf6 7. O-O O-O 8. h3 d5 9. exd5 Nxd5 10. Nc3 Be6 11. Nxd5 Qxd5 12. Bf4 Rad8 13. a3 Qd7 14. Qf3 Bxb3 15. Bxh7+ Kxh7 16. Qxb3 Nd4 17. Qc4 Qd5 18. Qd3+ Qf5 0-1


[Site "https://www.chess.com"]